Map: 16-Bit LE

Players

cardei - Winner!

  • Race: Protoss Protoss
  • Spawn Location: 1:00

A.I. 1 (Very Easy)

  • Race: Protoss Protoss
  • Spawn Location: 7:00

VOD

Have the link to the VOD?

Description

Time

  • Played on: July 2, 2018, 11:06 p.m.
  • Length: 9:01
Show
View Real Time Build Order
Export as new Build Order

cardei Protoss - Winner!

Build Orders:  

Get SALT Encoding   

  12  0:01  Probe  
  13  0:09  Probe  
  14  0:17  Probe  
  14  0:23  Pylon  
  15  0:41  Probe  
  16  0:53  Probe  
  17  1:02  Gateway  
  17  1:05  Probe  
  18  1:14  Pylon  
  18  1:15  Pylon  
  18  1:18  Probe, Pylon  
  18  1:23  Pylon  
  19  1:26  Probe  
  20  1:35  Probe  
  21  1:43  Gateway  
  21  1:49  Probe  
  21  1:52  Zealot  
  24  2:05  Probe  
  25  2:13  Probe  
  26  2:23  Zealot  
  28  2:32  Gateway  
  28  2:34  Gateway  
  28  2:38  Gateway  
  28  2:44  Pylon  
  28  2:45  Pylon  
  28  2:47  Probe  
  28  2:49  Zealot  
  31  2:59  Probe  
  31  3:01  Zealot  
  34  3:11  Probe  
  35  3:16  Zealot  
  35  3:19  Zealot  
  39  3:23  Probe  
  40  3:28  Zealot  
  40  3:31  Probe  
  40  3:32  Zealot  
  40  3:33  Zealot  
  46  3:39  Probe  
  48  3:49  Probe  
  48  3:53  Nexus  
  49  4:00  Pylon  
  49  4:07  Zealot  
  49  4:08  Zealot  
  53  4:16  Probe, Zealot  
  56  4:40  Probe  
  57  4:46  Zealot x4  
  57  4:47  Zealot  
  67  4:53  Probe  
  68  5:08  Probe x2  
  68  5:13  Zealot x3  
  76  5:15  Zealot  
  76  5:18  Zealot  
  80  5:28  Pylon  
  80  5:31  Pylon  
  80  5:38  Probe  
  80  5:39  Probe  
  80  5:40  Zealot  
  84  5:52  Probe  
  85  5:59  Probe  
  85  6:00  Zealot x2  
  85  6:01  Zealot  
  85  6:02  Zealot  
  94  6:05  Probe  
  95  6:11  Probe  
  95  6:13  Zealot  
  98  6:34  Zealot x3  
  98  6:35  Zealot  
  106  6:51  Zealot  
  108  7:01  Zealot  
  110  7:22  Nexus  
  110  7:27  Pylon  
  110  7:41  Probe x2  
  110  7:45  Zealot x4  
  110  7:49  Pylon  
  118  7:54  Pylon  
  118  8:16  Zealot x2  
  118  8:17  Zealot  
  124  8:21  Probe, Zealot  
  129  8:44  Probe  
  129  8:45  Probe  
  129  8:46  Probe  
Show
View Real Time Build Order
Export as new Build Order

A.I. 1 (Very Easy) Protoss 

Build Orders: 1 Gate Expand, Nexus First 

Get SALT Encoding   

  12  0:00  Probe  
  13  0:13  Probe  
  14  0:20  Pylon  
  14  0:42  Gateway  
  14  1:02  Nexus  
  14  1:18  Pylon  
  14  1:22  Zealot  
  14  1:24  Assimilator  
  16  1:34  Probe  
  16  1:37  Cybernetics Core  
  17  1:43  Probe  
  17  1:53  Probe  
  19  2:02  Probe  
  19  2:05  Assimilator  
  20  2:10  Probe  
  20  2:11  Warp Gate  
  20  2:15  Stalker  
  23  2:22  Probe  
  24  2:25  Probe  
  25  2:36  Probe  
  26  2:51  Probe  
  26  2:53  Assimilator  
  26  2:55  Pylon  
  27  2:58  Probe  
  28  3:06  Probe  
  29  3:13  Probe, Robotics Facility  
  30  3:29  Probe  
  30  3:30  Adept  
  33  3:36  Probe  
  34  3:44  Probe  
  35  3:51  Probe  
  36  3:58  Probe  
  36  3:59  Observer  
  38  4:05  Probe  
  39  4:13  Probe  
  39  4:14  Observer  
  39  4:17  Probe  
  42  4:27  Probe  
  42  4:31  Probe  
  43  4:33  Assimilator  
  44  4:42  Probe  
  44  4:44  Sentry  
  47  4:47  Pylon  
  47  4:49  Probe  
  48  4:56  Probe  
  49  5:01  Probe  
  50  7:36  Stalker  
  52  7:38  Pylon  
  52  7:41  Probe  
  52  7:50  Probe  
  44  7:58  Probe  
  29  8:04  Probe  
  29  8:05  Zealot  
  23  8:12  Probe  
  22  8:21  Probe, Pylon  
  23  8:42  Pylon  
  23  8:43  Probe  
Tags
 
Add a new tag
Caveats
  • Supply blocks, unpowered buildings, or Contaminate may cause inaccurate times.
  • Supply counts are checked every 10 seconds.